 Dungeon Crawl Stone Soup version 0.28-a0-883-gc8d7bad45d (webtiles) character file.

Game seed: 16625435800574292352

122 ytrimaz the Skirmisher (level 4, 0/38 HPs)
             Began as a Demonspawn Fighter on Nov 21, 2021.
             Killed by divine providence
             ... invoked by an orc priest
              (11 damage)
             ... on level 3 of the Dungeon.
             The game lasted 00:02:30 (2730 turns).

ytrimaz the Skirmisher (Demonspawn Fighter)         Turns: 2730, Time: 00:02:31

Health: 0/38       AC:  7    Str: 23    XL:     4   Next: 78%
Magic:  4/4        EV:  9    Int: 10    God:
Gold:   83         SH:  4    Dex: 12    Spells: 3/3 levels left

rFire   . . .      SeeInvis .   a - +1 flail
rCold   . . .      Faith    .   c - +0 buckler
rNeg    . . .      Spirit   .   b - +0 scale mail
rPois   .          Reflect  .   (no helmet)
rElec   .          Harm     .   (no cloak)
rCorr   .          Rampage  .   (no gloves)
Will    .....                   (no boots)
Stlth   ..........              (no amulet)
HPRegen 0.12/turn               j - +6 ring of strength
MPRegen 0.09/turn               (no ring)

@: mighty
A: claws 1, rugged brown scales 1
a: no special abilities


You were on level 3 of the Dungeon.
You visited 1 branch of the dungeon, and saw 3 of its levels.

You collected 83 gold pieces.

Inventory:

Hand Weapons
 a - a +1 flail (weapon)
Armour
 b - a +0 scale mail (worn)
 c - a +0 buckler (worn)
Jewellery
 j - a +6 ring of strength (left claw)
 k - an amulet of faith
Scrolls
 f - a scroll of magic mapping
Potions
 e - a potion of brilliance {unknown}
 h - a potion of heal wounds {unknown}
 i - a potion of curing {unknown}


   Skills:
 + Level 3.8 Fighting
 - Level 1.9 Maces & Flails
 + Level 3.6 Armour
 + Level 3.3 Shields
 * Level 1.3 Unarmed Combat


You had 3 spell levels left.
You didn't know any spells.
Your spell library contained the following spells:

 Spells                   Type           Power      Damage    Failure   Level
 Sandblast                Erth           0%         2d4       71%         1
 Corpse Rot               Necr/Air       0%         N/A       83%         2
 Poisonous Vapours        Pois/Air       0%         N/A       83%         2


Dungeon Overview and Level Annotations

Branches:
Dungeon (3/15)

Altars:
Dithmenos
The Shining One


Innate Abilities, Weirdness & Mutations

You have sharp fingernails.
You are partially covered in rugged brown scales. (AC +1, +3% HP)


Message History

You hit the orc priest but do no damage.
The orc priest hits you but does no damage.
The orc priest casts a cantrip, but nothing happens.
You hit the orc priest.
The orc priest is lightly wounded.
The orc priest hits you with a +0 short sword.
You closely miss the orc priest.
The orc priest is lightly wounded.
The orc priest hits you with a +0 short sword.
You hit the orc priest but do no damage.
The orc priest is lightly wounded.
The orc priest hits you but does no damage.
You block the orc priest's attack.
You hit the orc priest but do no damage.
The orc priest is lightly wounded.
You block the orc priest's attack.
You hit the orc priest.
The orc priest is moderately wounded.
The orc priest barely misses you.
The orc priest casts a cantrip, but nothing happens.
You sock the orc priest!
The orc priest is severely wounded.
The orc priest misses you.
You barely miss the orc priest.
The orc priest is severely wounded.
The orc priest invokes the aid of Beogh against you.
Beogh smites you!
You barely miss the orc priest.
The orc priest is severely wounded.
The orc priest barely misses you.
You barely miss the orc priest.
The orc priest is severely wounded.
The orc priest hits you with a +0 short sword.
* * * LOW HITPOINT WARNING * * *
The orc priest barely misses you.
Unknown command.
You feel very mighty all of a sudden.
The orc priest calls down the wrath of Beogh upon you.
Beogh smites you!
You die...

.# #.#####..# .#
#.# # .# #.#
.###.#####.#
...........#
####...###########
# #.............#
. ##
#...#########.# .#
.###...# #@# .#
#......# #o# ..#.
######.# #o# ....#
⌠##.##.#
####.##...o..
##...###
#.........oo.
....._#
#.####.......
##...## # .......
###.## ......# ###
.....#.


You could see an orc priest and an orc.

Vanquished Creatures
  Jessica (D:2)
  2 gnolls (D:2)
  2 adders
  A dart slug (D:1)
  2 orcs (D:3)
  2 ball pythons
  6 bats
  5 endoplasms
  A goblin (D:1)
  7 hobgoblins
  3 jackals (D:1)
  6 quokkas (D:2)
  2 frilled lizards (D:1)
  5 kobolds (D:1)
  6 rats
51 creatures vanquished.

Vanquished Creatures (others)
  39 plants (D:2)
39 creatures vanquished.

Grand Total: 90 creatures vanquished

Notes
Turn   | Place    | Note
-------+----------+-------------------------------------------
     0 | D:1      | ytrimaz the Demonspawn Fighter began the quest for the Orb.
     0 | D:1      | Reached XP level 1. HP: 18/18 MP: 1/1
   128 | D:1      | Gained mutation: You have sharp fingernails. [demonic
                  | ancestry]
   128 | D:1      | Reached XP level 2. HP: 24/24 MP: 2/2
   635 | D:1      | Gained mutation: You are partially covered in rugged brown
                  | scales. (AC +1, +3% HP) [demonic ancestry]
   635 | D:1      | Reached XP level 3. HP: 20/29 MP: 3/3
   930 | D:2      | Found a faded altar of an unknown god.
   937 | D:2      | Got Plato's Catalogue of Stones
  1522 | D:2      | Reached skill level 1 in Unarmed Combat
  1522 | D:2      | Reached XP level 4. HP: 5/37 MP: 4/4
  2296 | D:2      | Noticed Jessica
  2307 | D:2      | Killed Jessica
  2648 | D:3      | Found a shadowy altar of Dithmenos.
  2730 | D:3      | Killed from afar by an orc priest

Illustrated notes

Levels and vault maps discovered:
D:1:      arrival_zaba_pyramid, layout_rooms
D:2:      wad_woods_tower, layout_basic, shapermc_ecumenical_altar_rom_forum,
          grunt_decor_one_mirror, uniq_jessica
D:3:      layout_loops_ring, amethyst_overflow_temple_binary, serial_shops,
          nicolae_shop_advertising_works [nicolae_subvault_shop_adworks],
          minmay_misc_feat_secret_circle

Skill      XL: |  1  2  3 |
---------------+----------+-----
Armour         | 3 |  3.6
Shields        | 3 |  3.3
Unarmed Combat | 1 |  1.3
Fighting       | |  3.8
Maces & Flails | |  1.9

Action                   |  1- 3 |  4- 6 || total
-------------------------+-------+-------++-------
Melee: Flail             |   135 |    48 ||   183
  Use: Scroll            |     2 |     1 ||     3
       Potion            |       |     1 ||     1
Armor: Scale mail        |    75 |     9 ||    84
Dodge: Dodged            |    62 |    21 ||    83
Block: Buckler           |    34 |    12 ||    46

Table legend: (Time is in decaauts)
 A = Elapsed time spent in this place.
 B = Non-inter-level travel time spent in this place.
 C = Inter-level travel time spent in this place.
 D = Time resting spent in this place.
 E = Time spent auto-exploring this place.
 F = Levels seen in this place.
 G = Mean time per level.
                   A        B        C        D        E       F      G
               +--------+--------+--------+--------+--------+-----+--------+
         Total |   2789 |   2768 |     21 |    327 |   1962 |   3 |  929.7 |
       Dungeon |   2789 |   2768 |     21 |    327 |   1962 |   3 |  929.7 |
               +--------+--------+--------+--------+--------+-----+--------+

Top non-repeatable levels by time:
     D:2: 1450 daAuts
     D:1: 1206 daAuts
     D:3: 133 daAuts
